 Dungeon Crawl Stone Soup version 0.28-a0-461-g2dc4ca5 (webtiles) character file.

Game seed: 15357685954241154016

2955 Illumine the Thaumaturge (level 9, -1/54 HPs)
             Began as a Deep Elf Cinder Acolyte on Sept 13, 2021.
             Was a High Priest of Ignis.
             Slain by a wraith (7 damage)
             ... on level 7 of the Dungeon.
             The game lasted 00:13:40 (7717 turns).

Illumine the Thaumaturge (Deep Elf Cinder Acolyte)  Turns: 7717, Time: 00:13:41

Health: -1/54      AC:  8    Str: 11    XL:     9   Next: 52%
Magic:  4/23       EV: 14    Int: 23    God:    Ignis [*****.]
Gold:   341        SH:  0    Dex: 10    Spells: 17/25 levels left

rFire   + . .      SeeInvis +   n - +1 hunting sling (venom)
rCold   . . .      Faith    .   (no shield)
rNeg    . . .      Spirit   .   b - +0 robe
rPois   .          Reflect  .   p - +2 hat {SInv}
rElec   .          Harm     .   D - +2 cloak
rCorr   .          Rampage  .   s - +0 pair of gloves
Will    .....                   (no boots)
Stlth   +.........              (no amulet)
HPRegen 0.18/turn               B - +4 ring of slaying
MPRegen 0.18/turn               g - ring of see invisible

@: slowed, very slow
A: no striking features
a: Renounce Religion, Sea of Fire, Foxfire Swarm, Rising Flame


You were on level 7 of the Dungeon.
You worshipped Ignis.
Ignis was extremely pleased with you.
You visited 2 branches of the dungeon, and saw 8 of its levels.

You collected 341 gold pieces.

Inventory:

Hand Weapons
 a - a -1 short sword of flaming
 n - a +1 hunting sling of venom (weapon)
 v - a +2 falchion of draining
 y - the +8 Wrath of Trog {antimagic, *Rage Rampage}
   (You found it on level 4 of the Dungeon)

   It reduces the magical energy of the wielder, and disrupts the spells and
   magical abilities of those it strikes.
   Natural abilities and divine invocations are not affected.
   It causes slowness and exhaustion when equipped.
   It extends the wielder's berserk rage when killing foes.
   *Rage:     It lets you go berserk by making a melee attack (+50% chance).
   Rampage:   It bestows one free step when moving towards enemies.
Missiles
 e - a throwing net
 f - 183 stones (quivered ammo)
 i - 39 poisoned darts
 l - 13 silver javelins
Armour
 b - a +0 robe (worn)
 p - a +2 hat of see invisible (worn)
 s - a +0 pair of gloves (worn)
 D - a +2 cloak (worn)
Jewellery
 g - a ring of see invisible (right hand)
 B - a +4 ring of slaying (left hand)
Wands
 m - a wand of paralysis (8)
Scrolls
 c - a scroll of enchant weapon
 h - 5 scrolls of teleportation
 k - a scroll of fog
 o - a scroll of brand weapon
 q - 2 scrolls of blinking
 E - a scroll of identify
Potions
 d - a potion of mutation
 j - a potion of resistance {unknown}
 r - a potion of brilliance {unknown}
 t - a potion of lignification {unknown}
 u - a potion of ambrosia {unknown}
 w - 5 potions of curing
 x - a potion of might {unknown}
 z - a potion of attraction {unknown}
 A - a potion of heal wounds {unknown}


   Skills:
 + Level 5.3 Fighting
 - Level 3.0 Short Blades
 + Level 6.6 Dodging
 + Level 8.7 Spellcasting
 + Level 2.0 Conjurations
 + Level 2.6 Hexes
 + Level 2.0 Summonings
 + Level 2.1 Translocations
 + Level 7.9 Fire Magic
 - Level 2.0 Poison Magic


You had 17 spell levels left.
You knew the following spells:

 Your Spells              Type           Power      Damage    Failure   Level
a - Scorch                Fire           92%        2d10      1%          2
c - Call Canine Familiar  Summ           19%        N/A       9%          3
d - Mephitic Cloud        Conj/Pois/Air  16%        N/A       11%         3

Your spell library contained the following spells:

 Spells                   Type           Power      Damage    Failure   Level
 Magic Dart               Conj           76%        1d6       2%          1
 Call Imp                 Summ           19%        N/A       4%          2
 Beastly Appendage        Tmut           20%        N/A       6%          1
 Portal Projectile        Hex/Tloc       42%        N/A       8%          3
 Wereblood                Tmut           10%        N/A       10%         2
 Spider Form              Tmut/Pois      7%         N/A       13%         3
 Leda's Liquefaction      Hex/Erth       8%         N/A       36%         4


Dungeon Overview and Level Annotations

Branches:
Dungeon (7/15)             Temple (1/1) D:4

Altars:
Ashenzari
Gozag
Hepliaklqana
Kikubaaqudgha
Makhleb
Okawaru
Qazlal
Ru
Trog
Vehumet
Wu Jian
Xom
Yredelemnul
Zin

Portals:
Bailey: D:7

Annotations:
D:2 Sigmund
D:6 3 runed translucent doors, Dega's ghost, amateur DsFi; Gigglenaut's ghost, novice DrFE; Kave's ghost, novice TrTm; nrm's ghost, amateur OpMo


Message History

The wraith's fire resistance burns away.
The wraith hits you!
Unknown command.
Casting: Scorch (safe; 1% risk of failure)
Confirm with . or Enter, or press ? or * to list all spells.
Flames lash the wraith.
The wraith is burned terribly!
The wraith is severely damaged.
The wraith hits you. The wraith drains your vigour!
You feel yourself slow down.
Unknown command.
Casting: Scorch (safe; 1% risk of failure)
Confirm with . or Enter, or press ? or * to list all spells.
Flames lash the goblin.
You kill the goblin!
The wraith hits you!
* * * LOW HITPOINT WARNING * * *
Unknown command.
The wraith is no longer more vulnerable to fire.
The wraith completely misses you.
Casting: Scorch (safe; 1% risk of failure)
Confirm with . or Enter, or press ? or * to list all spells.
Flames lash the goblin.
You kill the goblin!
The wraith hits you!
* * * LOW HITPOINT WARNING * * *
The wraith drains your vigour!
You feel as though you will be slow longer.
Casting: Scorch (safe; 1% risk of failure)
Confirm with . or Enter, or press ? or * to list all spells.
Flames lash the wraith.
The wraith is almost destroyed.
The wraith's fire resistance burns away.
The wraith hits you but does no damage. The wraith barely misses you.
Unknown command.
Casting: Scorch (safe; 1% risk of failure)
Confirm with . or Enter, or press ? or * to list all spells.
Flames lash the goblin.
You kill the goblin!
The wraith hits you!
You die...

≈...≈..# #<#
..≈≈≈≈≈. ≈.8.≈..#
##.# ..≈.>.≈
.......# #..# ..g.∩.
##.###.###..# #g≈..
............# #.≈≈
#.####.##...## #..
#. #.#.....#### #.#
#.
#..........###)##.#
#.
###.....##.@Wg....#
#.
##..>#######........
.....## #########
######


You could see a wraith (combustible) and a goblin.

Vanquished Creatures
  Harold (D:7)
  A wyvern (D:7)
  Eustachio (D:4)
  Edmund (D:5)
  An acid dragon (D:5)
  A water moccasin (D:5)
  A necrophage (D:4)
  3 ogres
  A centaur (D:5)
  2 phantoms
  Blork the orc (D:6)
  A scorpion (D:6)
  A water moccasin skeleton (D:2)
  A wight (D:7)
  A howler monkey (D:6)
  2 centaur zombies
  2 hounds (D:5)
  3 jellies
  2 orc priests (D:6)
  A bullfrog skeleton (D:4)
  4 iguanas
  7 orc wizards
  A hound zombie (D:5)
  A howler monkey zombie (D:6)
  4 gnolls
  9 adders
  An ufetubus (D:5)
  2 dart slugs (D:1)
  24 orcs
  5 bats
  5 endoplasms
  2 giant cockroaches (D:2)
  10 goblins
  3 hobgoblins
  5 kobolds
  5 quokkas
  2 ball pythons (D:2)
  4 frilled lizards
  5 rats
127 creatures vanquished.

Vanquished Creatures (others)
  2 withered plants (D:6)
2 creatures vanquished.

Grand Total: 129 creatures vanquished

Notes
Turn   | Place    | Note
-------+----------+-------------------------------------------
     0 | D:1      | Illumine the Deep Elf Cinder Acolyte began the quest for
                  | the Orb.
     0 | D:1      | Reached XP level 1. HP: 13/13 MP: 5/5
    55 | D:1      | Reached skill level 2 in Spellcasting
   225 | D:1      | Reached XP level 2. HP: 15/18 MP: 7/7
   233 | D:1      | Learned a level 2 spell: Scorch
   814 | D:1      | Found a faded altar of an unknown god.
  1201 | D:2      | Noticed Sigmund
  1254 | D:2      | Reached skill level 3 in Spellcasting
  1254 | D:2      | Reached XP level 3. HP: 22/22 MP: 3/9
  1551 | D:2      | Found an ancient bone altar of Kikubaaqudgha.
  1608 | D:2      | Reached skill level 4 in Spellcasting
  1608 | D:2      | Reached XP level 4. HP: 23/27 MP: 0/12
  2522 | D:3      | Reached skill level 5 in Fire Magic
  2522 | D:3      | Reached XP level 5. HP: 31/31 MP: 4/13
  2612 | D:3      | Reached skill level 1 in Dodging
  2886 | D:3      | Found a burning altar of Makhleb.
  2984 | D:4      | Found an opulent altar of Gozag.
  3017 | D:4      | Noticed a necrophage
  3027 | D:4      | Killed a necrophage
  3028 | D:4      | Reached skill level 5 in Spellcasting
  3028 | D:4      | Reached XP level 6. HP: 37/37 MP: 5/15
  3334 | D:4      | Found a staircase to the Ecumenical Temple.
  3342 | Temple   | Entered the Ecumenical Temple
  3670 | D:4      | Noticed Eustachio
  3674 | D:4      | Killed Eustachio
  3675 | D:4      | Reached skill level 6 in Spellcasting
  3675 | D:4      | Reached XP level 7. HP: 39/41 MP: 8/18
  4014 | D:4      | Found the +8 Wrath of Trog {antimagic, *Rage Rampage}
  4189 | D:5      | Entered Level 5 of the Dungeon
  4429 | D:5      | Found an iron altar of Okawaru.
  4712 | D:5      | Reached XP level 8. HP: 38/48 MP: 8/20
  4812 | D:5      | Reached skill level 7 in Spellcasting
  5050 | D:5      | Noticed Edmund
  5059 | D:5      | Killed Edmund
  5060 | D:5      | Reached skill level 5 in Dodging
  5824 | D:6      | Found an ancient bone altar of Kikubaaqudgha.
  5971 | D:6      | Found a runed translucent gate.
  5971 | D:6      | Found a runed translucent gate.
  5971 | D:6      | Found a runed translucent gate.
  5974 | D:6      | Noticed nrm's ghost (amateur OpMo)
  5974 | D:6      | Noticed Gigglenaut's ghost (novice DrFE)
  6053 | D:6      | Reached skill level 8 in Spellcasting
  6127 | D:6      | Reached skill level 5 in Fighting
  6171 | D:6      | Learned a level 3 spell: Portal Projectile
  6261 | D:6      | Found a shimmering altar of Xom.
  6262 | D:6      | Found a shimmering altar of Xom.
  6267 | D:6      | Learned a level 3 spell: Call Canine Familiar
  6267 | D:6      | Found a shimmering altar of Xom.
  6304 | D:6      | Noticed Blork the orc
  6310 | D:6      | Killed Blork the orc
  6369 | D:6      | Learned a level 3 spell: Mephitic Cloud
  6392 | D:6      | Noticed Dega's ghost (amateur DsFi)
  6393 | D:6      | Noticed Kave's ghost (novice TrTm)
  6544 | D:6      | Found a basalt altar of Yredelemnul.
  6653 | D:6      | Reached XP level 9. HP: 54/54 MP: 21/23
  7210 | D:7      | Reached skill level 1 in Hexes
  7210 | D:7      | Reached skill level 1 in Translocations
  7310 | D:7      | Reached skill level 1 in Summonings
  7499 | D:7      | Noticed Harold
  7507 | D:7      | Killed Harold
  7508 | D:7      | Reached skill level 1 in Poison Magic
  7682 | D:7      | Found a glowing silver altar of Zin.
  7707 | D:7      | Found a flagged portal.
  7717 | D:7      | Slain by a wraith

Illustrated notes

Levels and vault maps discovered:
D:1:      dpeg_arrival_rooms_c, layout_loops_ring,
          shapermc_ecumenical_altar_mp_highgroup
D:2:      layout_rooms, basic_altar, uniq_sigmund
D:3:      kennysheep_six_static_rooms, layout_basic, demons_altar, serial_shops,
          nicolae_shop_statue_plus, minmay_pentangle
D:4:      layout_loops_ring, mainiacjoe_overflow_surrounded_room,
          minmay_temple_entry_fiery, uniq_eustachio
D:5:      minmay_chambers_of_fours, layout_loops_ring,
          mainiacjoe_overflow_tiny_flanked, uniq_edmund
D:6:      layout_layer_cave, lemuel_zombie_altar_yredelemnul,
          mainiacjoe_overflow_chevrons, xom_redecorated,
          gammafunk_ghost_cemetery, uniq_blork_the_orc
D:7:      layout_loops_ring, fedhas_ov_isle_minmay, mainiacjoe_overflow_catwalk,
          elyvilon_altar_3, enter_bailey_5, serial_co_window_serial,
          co_window_of_opportunity_a, co_window_paths_b, co_window_paths_a,
          co_window_paths_a, co_window_paths_a, co_window_broadway_b,
          co_window_broadway_a, co_window_unsneaky_path_a, co_window_corner_ca,
          co_window_of_opportunity_b, uniq_harold
Temple:   dpeg_three_leaves_temple

Skill      XL: |  1  2  3  4  5  6  7  8  9 |
---------------+----------------------------+-----
Spellcasting   | 2 3 4 5 6 8 |  8.7
Fire Magic     | 4 5 6 7 |  7.9
Dodging        | 2 3 4 6 |  6.6
Fighting       | 3 4 5 |  5.3
Hexes          | 2 |  2.6
Translocations | 2 |  2.1
Summonings     | 2 |  2.0
Conjurations   | 2 |  2.0
Poison Magic   | 2 |  2.0
Short Blades   | |  3.0

Action                   |  1- 3 |  4- 6 |  7- 9 || total
-------------------------+-------+-------+-------++-------
Melee: Short sword       |    16 |     8 |       ||    24
       Falchion          |       |       |     4 ||     4
 Fire: Hunting sling     |       |       |    19 ||    19
Throw: Stone             |     7 |       |     2 ||     9
 Cast: Scorch            |    29 |    63 |   123 ||   215
  Use: Scroll            |       |       |    10 ||    10
Armor: Robe              |     2 |     9 |     9 ||    20
Dodge: Dodged            |    10 |    18 |    33 ||    61

Table legend: (Time is in decaauts)
 A = Elapsed time spent in this place.
 B = Non-inter-level travel time spent in this place.
 C = Inter-level travel time spent in this place.
 D = Time resting spent in this place.
 E = Time spent auto-exploring this place.
 F = Levels seen in this place.
 G = Mean time per level.
                   A        B        C        D        E       F      G
               +--------+--------+--------+--------+--------+-----+--------+
         Total |   7728 |   7505 |    223 |   1522 |   4859 |   8 |  966.0 |
       Dungeon |   7662 |   7441 |    221 |   1522 |   4806 |   7 | 1094.6 |
        Temple |     65 |     63 |      2 |      0 |     53 |   1 |   65.0 |
               +--------+--------+--------+--------+--------+-----+--------+

Top non-repeatable levels by time:
     D:5: 1577 daAuts
     D:6: 1525 daAuts
     D:4: 1253 daAuts
     D:1: 1236 daAuts
     D:2: 965 daAuts
     D:3: 727 daAuts
     D:7: 377 daAuts
  Temple: 65 daAuts
